 Dungeon Crawl Stone Soup version 0.28-a0-1395-g4f6bc678fa (webtiles) character file.

Game seed: 7961009035037680556

112 eustatius the Poker (level 4, -2/41 HPs)
             Began as a Gnoll Cinder Acolyte on Jan 4, 2022.
             Was a High Priest of Ignis.
             Frozen to death by an endoplasm (4 damage)
             ... on level 3 of the Dungeon.
             The game lasted 00:11:51 (2528 turns).

eustatius the Poker (Gnoll Cinder Acolyte)          Turns: 2528, Time: 00:11:52

Health: -2/41      AC:  3    Str: 15    XL:     4   Next: 95%
Magic:  14/17      EV: 11    Int: 14    God:    Ignis [*****.]
Gold:   42         SH:  0    Dex:  7    Spells: 7/9 levels left

rFire   + . .      SeeInvis +   a - -1 spear (flame)
rCold   . . .      Faith    .   (no shield)
rNeg    . . .      Spirit   .   b - +0 robe
rPois   .          Reflect  .   (no helmet)
rElec   .          Harm     .   (no cloak)
rCorr   .          Rampage  .   r - +0 pair of gloves
Will    .....                   (no boots)
Stlth   +.........              f - amulet of the acrobat
HPRegen 0.13/turn               w - ring of see invisible
MPRegen 0.15/turn               u - ring of magical power

@: lethally poisoned (-2 -> -7)
A: fangs 1, strong nose, distributed training
a: Renounce Religion, Fiery Armour, Foxfire Swarm


You were on level 3 of the Dungeon.
You worshipped Ignis.
Ignis was extremely pleased with you.
You visited 1 branch of the dungeon, and saw 3 of its levels.

You collected 42 gold pieces.

Inventory:

Hand Weapons
 a - a -1 spear of flaming (weapon)
 d - a +0 hunting sling
Missiles
 e - 46 stones (quivered)
 h - 3 silver javelins
 o - 33 sling bullets
Armour
 b - a +0 robe (worn)
 i - an orb of energy
 n - a +0 scale mail
 r - a +0 pair of gloves (worn)
Jewellery
 f - an amulet of the acrobat (around neck)
 u - a ring of magical power (right hand)
 w - a ring of see invisible (left hand)
Scrolls
 j - 2 scrolls of amnesia {unknown}
 k - a scroll of fear {unknown}
 l - 2 scrolls of teleportation {unknown}
 p - a scroll of fog {unknown}
 q - a scroll of identify {unknown}
 s - a scroll of acquirement {unknown}
 t - 2 scrolls of silence {unknown}
Potions
 c - a potion of heal wounds {unknown}
 g - a potion of cancellation {unknown}
 m - 2 potions of haste {unknown}
 v - 2 potions of attraction {unknown}


   Skills:
 + Level 6.6 Fighting
 + Level 1.2 Short Blades
 + Level 1.2 Long Blades
 + Level 1.2 Axes
 + Level 1.2 Maces & Flails
 + Level 6.6 Polearms
 + Level 1.2 Staves
 + Level 1.2 Slings
 + Level 1.2 Bows
 + Level 1.2 Crossbows
 + Level 1.2 Throwing
 + Level 1.2 Armour
 + Level 1.2 Dodging
 + Level 1.2 Stealth
 + Level 1.2 Shields
 + Level 1.2 Unarmed Combat
 + Level 3.0 Spellcasting
 + Level 1.0 Conjurations
 + Level 1.0 Hexes
 + Level 1.0 Summonings
 + Level 1.0 Necromancy
 + Level 1.0 Translocations
 + Level 1.0 Transmutations
 + Level 5.5 Fire Magic
 + Level 1.0 Ice Magic
 + Level 1.0 Air Magic
 + Level 1.0 Earth Magic
 + Level 1.0 Poison Magic
 + Level 1.4 Invocations
 + Level 1.2 Evocations


You had 7 spell levels left.
You knew the following spells:

 Your Spells              Type           Power      Damage    Failure   Level
a - Scorch                Fire           34%        2d7       3%          2

Your spell library contained the following spells:

 Spells                   Type           Power      Damage    Failure   Level
 Ignite Poison            Fire/Tmut/Pois 9%         N/A       22%         3
 Mephitic Cloud           Conj/Pois/Air  5%         N/A       38%         3
 Freezing Cloud           Conj/Ice/Air   2%         6-21      98%         5


Dungeon Overview and Level Annotations

Branches:
Dungeon (3/15)

Altars:

Shops:
D:3 (

Annotations:
D:3 Dvallin's ghost, amateur KoFi


Innate Abilities, Weirdness & Mutations

You have very sharp teeth.
Your uncanny sense of smell can sniff out nearby items.
Your experience applies equally to all skills.


Message History

Dvallin's ghost hits you but does no damage.
You are poisoned.
Unknown command.
Casting: Scorch (safe; 3% risk of failure)
Confirm with . or Enter, or press ? or * to list all spells.
Flames lash Dvallin's ghost but do no damage.
You feel very sick. Dvallin's ghost hits you.
You are more poisoned.
The endoplasm freezes you.
You are frozen.
You hit Dvallin's ghost. You burn Dvallin's ghost.
Dvallin's ghost is lightly damaged.
You feel very sick.
Dvallin's ghost hits you but does no damage.
You are lethally poisoned!
You feel very sick. Dvallin's ghost barely misses you.
The endoplasm misses you.
You feel very sick.
You feel very sick.
Dvallin's ghost is no longer more vulnerable to fire.
* * * LOW HITPOINT WARNING * * *
You feel very sick.
You hit the endoplasm. You burn the endoplasm.
You kill the endoplasm!
* * * LOW HITPOINT WARNING * * *
You feel sick. The endoplasm freezes you.
You are frozen.
* * * LOW HITPOINT WARNING * * *
You completely miss the rat. Your bite misses the rat.
* * * LOW HITPOINT WARNING * * *
You feel sick.
You hit the rat. You burn the rat.
You kill the rat!
* * * LOW HITPOINT WARNING * * *
You feel sick. The endoplasm freezes you.
You are frozen.
You die...

#####..#.......#...#
.......#..#.#..#...##
#......#...#...'....
#.##...#.?.....'..#####.
#.##...#.$.#...'........
.......#..#.#..#..######
.......#.......#lW#####.
.......#########†J......
#+##............@.######
#..............#
#.......####..##
######### #..# #..# #..#
#..# #..#


You could see Dvallin's ghost, an endoplasm and a frilled lizard.

Vanquished Creatures
  6 adders
  2 dart slugs
  An orc (D:3)
  5 endoplasms
  3 giant cockroaches
  4 goblins
  3 hobgoblins (D:1)
  7 jackals
  A quokka (D:3)
  A ball python (D:1)
  3 bats
  5 frilled lizards
  6 kobolds
  8 rats
55 creatures vanquished.

Notes
Turn   | Place    | Note
-------+----------+-------------------------------------------
     0 | D:1      | eustatius the Gnoll Cinder Acolyte began the quest for the
                  | Orb.
     0 | D:1      | Reached XP level 1. HP: 23/23 MP: 4/4
   188 | D:1      | Found a faded altar of an unknown god.
   274 | D:1      | Reached XP level 2. HP: 15/29 MP: 5/5
   277 | D:1      | Learned a level 2 spell: Scorch
   972 | D:1      | Reached XP level 3. HP: 21/35 MP: 7/7
  1230 | D:2      | Reached skill level 1 in Invocations
  1306 | D:2      | Reached skill level 1 in Short Blades
  1306 | D:2      | Reached skill level 1 in Long Blades
  1306 | D:2      | Reached skill level 1 in Axes
  1306 | D:2      | Reached skill level 1 in Maces & Flails
  1306 | D:2      | Reached skill level 1 in Staves
  1306 | D:2      | Reached skill level 1 in Slings
  1306 | D:2      | Reached skill level 1 in Bows
  1306 | D:2      | Reached skill level 1 in Crossbows
  1306 | D:2      | Reached skill level 1 in Throwing
  1306 | D:2      | Reached skill level 1 in Armour
  1306 | D:2      | Reached skill level 1 in Dodging
  1306 | D:2      | Reached skill level 1 in Stealth
  1306 | D:2      | Reached skill level 1 in Shields
  1306 | D:2      | Reached skill level 1 in Unarmed Combat
  1306 | D:2      | Reached skill level 1 in Evocations
  1366 | D:2      | Reached XP level 4. HP: 41/41 MP: 8/8
  2033 | D:3      | Found Fukkylith's Antique Weapon Shoppe.
  2210 | D:3      | Reached skill level 1 in Conjurations
  2210 | D:3      | Reached skill level 1 in Hexes
  2210 | D:3      | Reached skill level 1 in Summonings
  2210 | D:3      | Reached skill level 1 in Necromancy
  2210 | D:3      | Reached skill level 1 in Translocations
  2210 | D:3      | Reached skill level 1 in Transmutations
  2210 | D:3      | Reached skill level 1 in Ice Magic
  2210 | D:3      | Reached skill level 1 in Air Magic
  2210 | D:3      | Reached skill level 1 in Earth Magic
  2210 | D:3      | Reached skill level 1 in Poison Magic
  2316 | D:3      | Noticed Dvallin's ghost (amateur KoFi)
  2324 | D:3      | Found a runed translucent gate.
  2324 | D:3      | Found a runed translucent gate.
  2325 | D:3      | Found a runed translucent gate.
  2528 | D:3      | HP: 2/41 [poisoned by Dvallin's ghost]
  2528 | D:3      | Frozen to death by an endoplasm

Illustrated notes

Levels and vault maps discovered:
D:1:      lemuel_arrival_room, layout_basic,
          hellmonk_ecumenical_altar_arch_garden, grunt_decor_clamped,
          minmay_cupped
D:2:      layout_basic, nicolae_elevator_lobby_asterisk
D:3:      layout_basic, nicolae_hepliaklqana_monster_ancestors,
          gammafunk_ghost_split, serial_shops, nicolae_shop_waterfront,
          serial_glass, glass_columns_a, glass_columns_a, glass_columns_b,
          glass_columns_b, minmay_pentomino_pile

Skill      XL: |  1  2  3  4 |
---------------+-------------+-----
Invocations    | 1 |  1.4
Short Blades   | 1 |  1.2
Long Blades    | 1 |  1.2
Axes           | 1 |  1.2
Maces & Flails | 1 |  1.2
Staves         | 1 |  1.2
Slings         | 1 |  1.2
Bows           | 1 |  1.2
Crossbows      | 1 |  1.2
Throwing       | 1 |  1.2
Armour         | 1 |  1.2
Dodging        | 1 |  1.2
Stealth        | 1 |  1.2
Shields        | 1 |  1.2
Unarmed Combat | 1 |  1.2
Evocations     | 1 |  1.2
Spellcasting   | 3 |  3.0
Conjurations   | 1 |  1.0
Hexes          | 1 |  1.0
Summonings     | 1 |  1.0
Necromancy     | 1 |  1.0
Translocations | 1 |  1.0
Transmutations | 1 |  1.0
Ice Magic      | 1 |  1.0
Air Magic      | 1 |  1.0
Earth Magic    | 1 |  1.0
Poison Magic   | 1 |  1.0
Fighting       | |  6.6
Polearms       | |  6.6
Fire Magic     | |  5.5

Action                   |  1- 3 |  4- 6 || total
-------------------------+-------+-------++-------
Melee: Spear             |    94 |    53 ||   147
       Bite              |     7 |     3 ||    10
 Fire: Hunting sling     |    15 |       ||    15
 Cast: Scorch            |     1 |    20 ||    21
Invok: Rising Flame      |       |     1 ||     1
Armor: Robe              |    18 |    13 ||    31
Dodge: Dodged            |    68 |    32 ||   100

Table legend: (Time is in decaauts)
 A = Elapsed time spent in this place.
 B = Non-inter-level travel time spent in this place.
 C = Inter-level travel time spent in this place.
 D = Time resting spent in this place.
 E = Time spent auto-exploring this place.
 F = Levels seen in this place.
 G = Mean time per level.
                   A        B        C        D        E       F      G
               +--------+--------+--------+--------+--------+-----+--------+
         Total |   2495 |   2432 |     63 |    153 |   1197 |   3 |  831.7 |
       Dungeon |   2495 |   2432 |     63 |    153 |   1197 |   3 |  831.7 |
               +--------+--------+--------+--------+--------+-----+--------+

Top non-repeatable levels by time:
     D:1: 1174 daAuts
     D:2: 832 daAuts
     D:3: 489 daAuts
